[Event "Titled Tuesday Blitz June 1 2021"]
[White "Triapishko, Alexandr"]
[Black "Andreikin, Dmitry"]
[WhiteFideId "14122286"]
[BlackFideId "4158814"]
[WhiteElo "2490"]
[BlackElo "2782"]
[Result "0-1"]
[Round "10"]
[TimeControl "180+1"]
[Date "2021.06.01"]
[WhiteClock "0:00:01"]
[BlackClock "0:00:11"]

1. Nf3 b5 2. e4 Bb7 3. Qe2 e6 4. g3 b4 5. Bg2 c5 6. O-O Nc6 7. d3 d6 8. Nbd2 Nge7 9. Nc4 Nc8 10. a3 Be7 11. axb4 cxb4 12. d4 d5 13. exd5 Qxd5 14. Ne3 Qd7 15. Rd1 Nb6 16. Ne5 Nxe5 17. dxe5 Qc7 18. Qb5+ Kf8 19. Bxb7 Qxb7 20. Nc4 Qf3 21. Rd3 Qe4 22. Nxb6 axb6 23. Rxa8+ Qxa8 24. Qxb6 g5 25. Rd7 Qa1 26. Qe3 h5 27. Kg2 h4 28. gxh4 Qa8+ 29. Qf3 Qxf3+ 30. Kxf3 g4+ 31. Kg2 Bxh4 32. Bf4 Kg7 33. Rb7 Rc8 34. Rxb4 Be7 35. Rb7 Bf8 36. c3 Rc4 37. Kg3 Kg6 38. Kxg4 f5+ 39. Kg3 Bc5 40. Rc7 Bxf2+ 41. Kxf2 Rxc7 42. Ke3 Kh5 43. Kf3 Rd7 44. Be3 Rd3 45. Ke2 Rd5 46. Bd4 Kg4 47. b4 f4 48. Kf2 Rd8 49. h3+ Kf5 50. Kf3 Rg8 51. h4 Rg3+ 52. Kf2 Ke4 53. b5 Rh3 54. b6 Rxh4 55. Kg2 Rg4+ 56. Kf2 f3 57. Kf1 Rg2 58. Ke1 Rb2 59. Kf1 f2 60. Bxf2 Kf3 0-1


[Site "https://www.chess.com"]

[Event "Titled Tuesday Blitz June 1 2021"]
[White "Urazayev, Arystanbek"]
[Black "Kamsky, Gata"]
[WhiteFideId "13709810"]
[BlackFideId "2000024"]
[WhiteElo "2321"]
[BlackElo "2644"]
[Result "1-0"]
[Round "10"]
[TimeControl "180+1"]
[Date "2021.06.01"]
[WhiteClock "0:01:47"]
[BlackClock "0:01:05"]

1. d4 d5 2. c4 c6 3. Nf3 Nf6 4. Nc3 a6 5. g3 dxc4 6. Bg2 g6 7. O-O Bg7 8. e4 Bg4 9. Be3 e5 10. d5 O-O 11. h3 Bxf3 12. Qxf3 cxd5 13. exd5 Nbd7 14. d6 Rb8 15. Ba7 Rc8 16. Qxb7 Nc5 17. Bxc5 Rxc5 18. Qxa6 Qa5 19. Qxa5 Rxa5 20. Rfd1 Rd8 21. a4 Bf8 22. Nb5 Nd7 23. Bc6 Nb8 24. Bd5 1-0


[Site "https://www.chess.com"]

[Event "Titled Tuesday Blitz June 1 2021"]
[White "Visakh N R"]
[Black "Kretov, Evgenij"]
[WhiteFideId "25012223"]
[BlackFideId "4167821"]
[WhiteElo "2428"]
[BlackElo "2381"]
[Result "1-0"]
[Round "10"]
[TimeControl "180+1"]
[Date "2021.06.01"]
[WhiteClock "0:00:34"]
[BlackClock "0:00:12"]

1. e4 c5 2. Nf3 Nc6 3. d4 cxd4 4. Nxd4 g6 5. c4 Nf6 6. Nc3 d6 7. Be2 Nxd4 8. Qxd4 Bg7 9. O-O O-O 10. Qd3 Be6 11. Be3 Nd7 12. Qd2 Nc5 13. f3 Re8 14. Rfd1 Rc8 15. Rac1 Qa5 16. b3 a6 17. Nd5 Qxd2 18. Rxd2 Nd7 19. Rcd1 f5 20. exf5 gxf5 21. f4 Bf7 22. Bf3 Nc5 23. Nb6 Rb8 24. Bd5 Ne4 25. Bxe4 fxe4 26. g4 h5 27. h3 Rbd8 28. Kg2 Bf6 29. c5 Bc3 30. Rc2 Bb4 31. c6 bxc6 32. Rxc6 d5 33. g5 e6 34. Bd4 Bg6 35. Kg3 Bf5 36. Rdc1 Kf7 37. Bf6 Rb8 38. Rc7+ Kf8 39. Nd7+ Kg8 40. Nxb8 Rxb8 41. Rg7+ Kf8 42. Rcc7 e3 43. Kf3 Bxh3 44. Rcf7+ Ke8 45. g6 Bg4+ 46. Kg2 1-0


[Site "https://www.chess.com"]

[Event "Titled Tuesday Blitz June 1 2021"]
[White "Von Buelow, Georg"]
[Black "Seul, Georg"]
[WhiteFideId "4620658"]
[BlackFideId "4601653"]
[WhiteElo "2268"]
[BlackElo "2332"]
[Result "1-0"]
[Round "10"]
[TimeControl "180+1"]
[Date "2021.06.01"]
[WhiteClock "0:00:35"]
[BlackClock "0:00:03"]

1. e4 e5 2. Nf3 Nc6 3. Bb5 a6 4. Ba4 Bc5 5. c3 Nge7 6. d4 exd4 7. cxd4 Bb4+ 8. Bd2 Bxd2+ 9. Qxd2 d5 10. exd5 Nxd5 11. O-O O-O 12. Bxc6 bxc6 13. Nc3 Bf5 14. Rfe1 Qf6 15. Rac1 Rfe8 16. Nxd5 cxd5 17. Rxc7 Rxe1+ 18. Qxe1 Be4 19. Ne5 Rf8 20. Qc3 Qg5 21. f3 f6 22. Nc6 Bg6 23. Ne7+ Kh8 24. Rc8 Re8 25. h4 1-0


[Site "https://www.chess.com"]

[Event "Titled Tuesday Blitz June 1 2021"]
[White "Wagner, Dennis"]
[Black "Kislov, Oleg"]
[WhiteFideId "24650684"]
[BlackFideId "13503774"]
[WhiteElo "2355"]
[BlackElo "2252"]
[Result "1-0"]
[Round "10"]
[TimeControl "180+1"]
[Date "2021.06.01"]
[WhiteClock "0:01:24"]
[BlackClock "0:00:15"]

1. e4 e6 2. d4 d5 3. Nc3 Nf6 4. e5 Nfd7 5. f4 c5 6. Nf3 Nc6 7. Be3 a6 8. Qd2 b5 9. a3 c4 10. g3 g6 11. h4 h5 12. Bh3 Be7 13. Bf2 Qb6 14. Nd1 a5 15. c3 Rb8 16. g4 hxg4 17. Bxg4 b4 18. axb4 axb4 19. h5 bxc3 20. bxc3 Na5 21. Ra2 Nb3 22. Qc2 Nf8 23. Bh4 Bxh4+ 24. Rxh4 Qd8 25. Ra7 Rb7 26. Ra8 Qc7 27. hxg6 Nxg6 28. Rxh8+ Nxh8 29. Qh7 Ng6 30. Qg8+ Nf8 31. Bh5 Nc1 32. Bxf7+ Qxf7 33. Rxc8+ Ke7 34. Qg5+ Kd7 35. Qd8# 1-0


[Site "https://www.chess.com"]

[Event "Titled Tuesday Blitz June 1 2021"]
[White "Willow, Jonah B"]
[Black "Zhigalko, Sergei"]
[WhiteFideId "438804"]
[BlackFideId "13502956"]
[WhiteElo "2261"]
[BlackElo "2662"]
[Result "0-1"]
[Round "10"]
[TimeControl "180+1"]
[Date "2021.06.01"]
[WhiteClock "0:00:01"]
[BlackClock "0:00:05"]

1. e4 c5 2. Nf3 Nc6 3. d4 cxd4 4. Nxd4 Nf6 5. Nc3 e5 6. Ndb5 d6 7. Bg5 a6 8. Na3 b5 9. Nd5 Be7 10. Bxf6 Bxf6 11. c4 b4 12. Nc2 O-O 13. g3 a5 14. Bg2 Bg5 15. O-O Be6 16. b3 Kh8 17. Qd3 Rb8 18. Rfd1 g6 19. a3 bxa3 20. Rxa3 Qd7 21. h4 Bh6 22. Nf6 Qe7 23. Nd5 Qa7 24. b4 f5 25. b5 fxe4 26. Qe2 Bxd5 27. cxd5 Ne7 28. Bxe4 Rbc8 29. Ne3 Nf5 30. Bxf5 gxf5 31. Qh5 Bxe3 32. Rxe3 f4 33. gxf4 Rxf4 34. Qh6 Rg8+ 35. Kh1 Rg6 36. Qh5 Rxf2 37. Rde1 Rf4 38. b6 Qxb6 39. Kh2 Qd8 0-1


[Site "https://www.chess.com"]

[Event "Titled Tuesday Blitz June 1 2021"]
[White "Yeletsky, Ivan"]
[Black "Klimkowski, Jan"]
[WhiteFideId "24180327"]
[BlackFideId "21856222"]
[WhiteElo "2344"]
[BlackElo "1903"]
[Result "1-0"]
[Round "10"]
[TimeControl "180+1"]
[Date "2021.06.01"]
[WhiteClock "0:00:04"]
[BlackClock "0:00:09"]

1. e4 c5 2. Nf3 d6 3. d4 cxd4 4. Nxd4 Nf6 5. Nc3 a6 6. Be3 e5 7. Nb3 Be6 8. f3 h5 9. Qd2 Nbd7 10. Nd5 Bxd5 11. exd5 g6 12. Be2 Bg7 13. O-O-O Nb6 14. c4 Rc8 15. Kb1 O-O 16. Na5 Qc7 17. Qb4 Nbd7 18. g4 hxg4 19. fxg4 Ne4 20. h4 Ndc5 21. Rhg1 Kh8 22. g5 Qe7 23. h5 gxh5 24. Bxh5 Kg8 25. Bg4 Rc7 26. Bf5 f6 27. g6 Ng5 28. Rh1 e4 29. Bd4 Nd3 30. Qc3 Re8 31. Rdg1 Nf3 32. Be6+ Kf8 33. Rf1 Nde5 34. Bb6 Rc5 35. Ka1 Rec8 36. Bxc5 Rxc5 37. Nb3 Rxc4 38. Qe3 b6 39. Rh7 Qc7 40. Rfh1 Nxg6 41. a3 a5 42. Bf5 Nge5 43. Rh8+ Bxh8 44. Rxh8+ Ke7 45. Rh7+ Nf7 46. Bxe4 Ne5 47. Bb1 a4 48. Nd4 Qc5 49. Nf5+ Kd8 50. Qg3 Kc7 51. Qg8 Rc3 52. Rxf7+ Nxf7 53. Qxf7+ Kb8 54. Qe8+ Kc7 55. Qxa4 Rc1 56. Nd4 Kd8 57. Ne6+ 1-0


[Site "https://www.chess.com"]

[Event "Titled Tuesday Blitz June 1 2021"]
[White "Zierk, Steven"]
[Black "Kovalev, Vladislav"]
[WhiteFideId "2034255"]
[BlackFideId "13504398"]
[WhiteElo "2502"]
[BlackElo "2573"]
[Result "1-0"]
[Round "10"]
[TimeControl "180+1"]
[Date "2021.06.01"]
[WhiteClock "0:00:03"]
[BlackClock "0:00:13"]

1. e4 e5 2. Nf3 Nc6 3. Bc4 Nf6 4. d3 Bc5 5. O-O d6 6. c3 a6 7. a4 Ba7 8. b4 h6 9. Nbd2 O-O 10. Re1 Ne7 11. h3 Ng6 12. Nf1 c6 13. Bb3 Re8 14. Ng3 d5 15. Bb2 Be6 16. Qc2 Qd7 17. exd5 Bxd5 18. Bxd5 cxd5 19. c4 d4 20. Re2 Bb8 21. Bc1 Bd6 22. Bd2 Rac8 23. Rae1 Re6 24. Qb3 Bb8 25. b5 Qe8 26. bxa6 bxa6 27. a5 Qc6 28. Nf5 Kh7 29. Rb1 Nd7 30. Qb7 Nc5 31. Qxf7 Rf6 32. Qxg7# 1-0


[Site "https://www.chess.com"]

[Event "Titled Tuesday Blitz June 1 2021"]
[White "Aldokhin, Ivan"]
[Black "Willow, Jonah B"]
[WhiteFideId "24115720"]
[BlackFideId "438804"]
[WhiteElo "2306"]
[BlackElo "2261"]
[Result "0-1"]
[Round "11"]
[TimeControl "180+1"]
[Date "2021.06.01"]
[WhiteClock "0:00:03"]
[BlackClock "0:00:20"]

1. e4 c5 2. Nf3 g6 3. d4 cxd4 4. Nxd4 Nc6 5. Nc3 Bg7 6. Be3 Nf6 7. Bc4 O-O 8. Bb3 d6 9. h3 Na5 10. O-O b6 11. Qd2 Bb7 12. f3 Rc8 13. Bh6 Nc4 14. Bxc4 Rxc4 15. Bxg7 Kxg7 16. Rad1 Qc7 17. Ncb5 Qb8 18. b3 Rcc8 19. c4 a6 20. Nc3 Ba8 21. a4 Qc7 22. Kh1 Bc6 23. Nd5 Bxd5 24. exd5 Nd7 25. Rde1 Rfe8 26. f4 Qc5 27. Rf3 Nf6 28. f5 Kg8 29. Rfe3 Rc7 30. Nc6 Nh5 31. Qc3 Rxc6 32. dxc6 Qxc6 33. Rxe7 Rf8 34. Qf3 Qxf3 35. gxf3 Ng3+ 36. Kg2 Nxf5 37. Rb7 Rd8 38. Rxb6 d5 39. cxd5 Rxd5 40. Re2 Rd3 41. b4 Nh4+ 42. Kg3 Nxf3 43. Kf4 Rb3 44. Ra2 Nd4 45. b5 Ne6+ 46. Ke5 Re3+ 47. Kf6 Nf8 48. Rb7 h6 49. Re7 Nh7# 0-1


[Site "https://www.chess.com"]

[Event "Titled Tuesday Blitz June 1 2021"]
[White "Andreikin, Dmitry"]
[Black "Grigorov, Grigor"]
[WhiteFideId "4158814"]
[BlackFideId "2907313"]
[WhiteElo "2782"]
[BlackElo "2510"]
[Result "1-0"]
[Round "11"]
[TimeControl "180+1"]
[Date "2021.06.01"]
[WhiteClock "0:00:34"]
[BlackClock "0:00:04"]

1. e4 c6 2. Nf3 d5 3. d3 dxe4 4. dxe4 Qxd1+ 5. Kxd1 Nf6 6. Nfd2 h5 7. f3 g5 8. c3 g4 9. a4 Bh6 10. Nc4 Bxc1 11. Kxc1 Be6 12. Nbd2 Nbd7 13. Kc2 O-O-O 14. a5 h4 15. f4 Nc5 16. Re1 Nfxe4 17. Nxe4 Bf5 18. Nd2 Rxd2+ 19. Kxd2 Rd8+ 20. Ke3 Nxe4 21. Bd3 Ng3 22. Bxf5+ Nxf5+ 23. Ke2 g3 24. Rd1 Rxd1 25. Kxd1 gxh2 26. Rxh2 Kd7 27. Ke2 Kd6 28. Kd3 e6 29. Rh1 Kc5 30. b4+ Kb5 31. Rb1 Nd6 32. Rh1 Nf5 33. c4+ Kxb4 34. Rb1+ Kxa5 35. Rxb7 Nd6 36. Rd7 1-0


[Site "https://www.chess.com"]

[Event "Titled Tuesday Blitz June 1 2021"]
[White "Asis Gargatagli, Hipolito"]
[Black "Woodward, Andy"]
[WhiteFideId "2260735"]
[BlackFideId "30953499"]
[WhiteElo "2557"]
[BlackElo "2609"]
[Result "1-0"]
[Round "11"]
[TimeControl "180+1"]
[Date "2021.06.01"]
[WhiteClock "0:02:42"]
[BlackClock "0:01:50"]

1. e4 c5 2. Nf3 d6 3. Bc4 Nf6 4. d3 Nc6 5. O-O e6 6. a4 Be7 7. Bb3 O-O 8. c3 b6 9. Re1 Bb7 10. Na3 a6 11. Bf4 h6 12. h3 Qd7 13. Nc4 Qd8 14. Ne3 b5 15. Bh2 d5 16. exd5 exd5 17. Nf5 c4 18. Bc2 Bc5 19. d4 Bb6 20. Ne5 Re8 21. Qf3 Ne4 22. Nxh6+ Kh7 23. Nhxf7 Qh4 24. Bxe4+ dxe4 25. Rxe4 Qxe4 26. Qh5+ Kg8 27. Qh8# 1-0


[Site "https://www.chess.com"]

[Event "Titled Tuesday Blitz June 1 2021"]
[White "Baskin, Robert"]
[Black "Devaev, Alexander"]
[WhiteFideId "24662402"]
[BlackFideId "4169395"]
[WhiteElo "2462"]
[BlackElo "2185"]
[Result "1-0"]
[Round "11"]
[TimeControl "180+1"]
[Date "2021.06.01"]
[WhiteClock "0:00:13"]
[BlackClock "0:00:07"]

1. d4 Nf6 2. c4 e6 3. Nf3 d5 4. Nc3 Be7 5. Bg5 h6 6. Bh4 b6 7. e3 Bb7 8. cxd5 Nxd5 9. Bxe7 Qxe7 10. Nxd5 exd5 11. Bb5+ c6 12. Be2 Nd7 13. O-O O-O 14. Qa4 Qd6 15. Rfc1 a5 16. Rc3 Rfe8 17. Rac1 b5 18. Qd1 a4 19. a3 f6 20. Ne1 Nb6 21. Nd3 Nc4 22. Nc5 Bc8 23. Bxc4 dxc4 24. Qh5 Be6 25. h3 Bf7 26. Qh4 Bg6 27. Rd1 Rad8 28. Nb7 Qe7 29. Nxd8 Qxd8 30. Qg3 Kh7 31. f3 f5 32. Qf4 Qd7 33. Rc2 Bf7 34. Re1 g5 35. Qg3 Bg6 36. Rd2 Re6 37. h4 Qe7 38. hxg5 hxg5 39. Rde2 f4 40. Qh3+ Kg7 41. e4 Qd6 42. Rd2 Re7 43. Qg4 Qf6 44. Red1 Kh6 45. d5 cxd5 46. Rxd5 Re6 47. Rd7 Rc6 48. Qh3+ Bh5 49. Rh7+ Kxh7 50. Qxh5+ Kg8 51. Qe8+ Kg7 52. Rd7+ Kh6 53. Qg8 Rd6 54. Rh7# 1-0


[Site "https://www.chess.com"]

[Event "Titled Tuesday Blitz June 1 2021"]
[White "Berend, Elvira"]
[Black "Fus, Jakub"]
[WhiteFideId "4000510"]
[BlackFideId "1193023"]
[WhiteElo "2340"]
[BlackElo "2138"]
[Result "0-1"]
[Round "11"]
[TimeControl "180+1"]
[Date "2021.06.01"]
[WhiteClock "0:00:09"]
[BlackClock "0:00:27"]

1. e4 Nf6 2. e5 Nd5 3. Nf3 d6 4. d4 dxe5 5. dxe5 Nc6 6. h3 Bf5 7. a3 e6 8. Bb5 Bc5 9. Nd4 Qh4 10. c3 Qe4+ 11. Kf1 O-O 12. Bxc6 bxc6 13. Nxf5 exf5 14. Qe2 Rfe8 15. Qxe4 fxe4 16. Ke2 Rxe5 17. c4 Nb6 18. b3 Bd4 19. Ra2 a5 20. a4 c5 21. Bf4 Re7 22. Na3 Nd7 23. Nb5 Ne5 24. Bxe5 Bxe5 25. Rd2 Rae8 26. Rhd1 g6 27. Rd8 Kf8 28. R1d7 Rxd8 29. Rxd8+ Re8 30. Rxe8+ Kxe8 31. Na3 Kd7 32. Nc2 Kc6 33. Ne3 f5 34. Nd5 Kd6 35. Ke3 c6 36. Nf4 Bxf4+ 37. Kxf4 Ke6 38. h4 Kf6 39. Ke3 Ke5 40. g3 h6 41. Ke2 g5 42. hxg5 hxg5 43. Ke3 f4+ 44. gxf4+ gxf4+ 45. Ke2 Kd4 46. Kd2 e3+ 47. fxe3+ fxe3+ 48. Ke2 Ke4 49. Ke1 Kd3 50. Kd1 e2+ 51. Ke1 Ke3 52. b4 axb4 53. a5 b3 54. a6 b2 55. a7 b1=Q# 0-1


[Site "https://www.chess.com"]

[Event "Titled Tuesday Blitz June 1 2021"]
[White "Blit, Jacques"]
[Black "Plotnikov, Pavel"]
[WhiteFideId "114839"]
[BlackFideId "4170342"]
[WhiteElo "2390"]
[BlackElo "2298"]
[Result "1-0"]
[Round "11"]
[TimeControl "180+1"]
[Date "2021.06.01"]
[WhiteClock "0:00:06"]
[BlackClock "0:01:36"]

1. f4 Nc6 2. Nf3 d6 3. d4 Nf6 4. d5 Nb8 5. c4 e6 6. Nc3 exd5 7. cxd5 Be7 8. e4 c6 9. dxc6 Nxc6 10. Bd3 O-O 11. O-O Re8 12. Kh1 Bf8 13. Qe1 a6 14. Qh4 Nd7 15. Qg3 Nc5 16. Bb1 Qf6 17. Nd5 Qd8 18. Ng5 h6 19. b4 Ne6 20. Nf3 Ned4 21. Nxd4 Nxd4 22. Bb2 Nc6 23. Bf6 Qd7 24. Bxg7 Bxg7 25. Nf6+ Kh8 26. Nxd7 Bxd7 27. e5 dxe5 28. f5 e4 29. f6 Bf8 30. a3 a5 31. b5 Ne5 32. Bxe4 Ng4 33. Bxb7 Rab8 34. Bc6 Bxc6 35. bxc6 Ne5 36. c7 Rbc8 37. Rfe1 Ng6 38. Rxe8 Rxe8 39. Qg4 Ne5 40. c8=Q Nxg4 41. Qxe8 Kg8 42. Qe4 Nxf6 43. Qf5 Kg7 44. Rf1 Be7 45. Qe5 Bd8 46. g4 Kg6 47. h4 Nxg4 48. Qf5+ Kg7 49. Qxf7+ Kh8 50. Qe8+ Kh7 51. Qe4+ Kg7 52. Qxg4+ Kh7 53. Rf7+ Kh8 54. Qg7# 1-0


[Site "https://www.chess.com"]

[Event "Titled Tuesday Blitz June 1 2021"]
[White "Blomqvist, Erik"]
[Black "Rakotomaharo, Fy Antenaina"]
[WhiteFideId "1709437"]
[BlackFideId "13100050"]
[WhiteElo "2460"]
[BlackElo "2378"]
[Result "1-0"]
[Round "11"]
[TimeControl "180+1"]
[Date "2021.06.01"]
[WhiteClock "0:00:08"]
[BlackClock "0:00:29"]

1. e4 e5 2. Nf3 Nc6 3. Bb5 a6 4. Ba4 Bc5 5. O-O Nge7 6. c3 Ng6 7. d4 Ba7 8. Be3 O-O 9. Nbd2 exd4 10. cxd4 d5 11. exd5 Nb4 12. Bb3 Nxd5 13. Rc1 c6 14. a3 Re8 15. Bg5 f6 16. Be3 Kh8 17. Re1 Bf5 18. Nf1 Qd7 19. Ng3 Bg4 20. h3 Be6 21. Bd2 Rad8 22. Qc2 Ndf4 23. Bxe6 Nxe6 24. Rcd1 Nxd4 25. Rxe8+ Rxe8 26. Nxd4 Bxd4 27. Be3 c5 28. Nf5 Qe6 29. Nxd4 cxd4 30. Rxd4 f5 31. Qc7 h6 32. Rd6 Qe5 33. Bd4 Qe1+ 34. Kh2 Re7 35. Qc8+ Kh7 36. Qxf5 Qe4 37. Qxe4 Rxe4 38. Rd7 Kg8 39. Rxg7+ Kf8 40. Rxg6 Rxd4 41. Rb6 Rd7 42. Rxh6 Kg7 43. Rb6 Rc7 44. f4 Kf7 45. Kg3 Ke7 46. Kg4 Kd7 47. h4 Kc8 48. h5 Rc2 49. g3 Rh2 50. Kg5 Kc7 51. Rb3 Rg2 52. g4 Rh2 53. h6 b5 54. Kg6 Kb6 55. h7 a5 56. Kg7 a4 57. Re3 Rc2 58. h8=Q Rc7+ 59. Kg6 Rc6+ 1-0


[Site "https://www.chess.com"]

[Event "Titled Tuesday Blitz June 1 2021"]
[White "Chernobay, Artem"]
[Black "Shtyka, Sergey"]
[WhiteFideId "4167406"]
[BlackFideId "4138465"]
[WhiteElo "2480"]
[BlackElo "2102"]
[Result "1-0"]
[Round "11"]
[TimeControl "180+1"]
[Date "2021.06.01"]
[WhiteClock "0:00:12"]
[BlackClock "0:00:04"]

1. e4 c5 2. Nf3 Nc6 3. d4 cxd4 4. Nxd4 Nf6 5. Nc3 e5 6. Ndb5 h6 7. Nd6+ Bxd6 8. Qxd6 Qe7 9. Qd1 O-O 10. Be2 d6 11. O-O Be6 12. Be3 Rfd8 13. Nd5 Bxd5 14. exd5 Nb8 15. c4 Nbd7 16. b4 b6 17. Qb3 Rac8 18. Rfd1 Re8 19. h3 e4 20. Bf4 Ne5 21. Rac1 Nfd7 22. Qa4 a5 23. a3 axb4 24. axb4 Ra8 25. Qb3 f5 26. Ra1 g5 27. Bd2 f4 28. Bf1 Nf6 29. Rxa8 Rxa8 30. Re1 e3 31. fxe3 f3 32. e4 g4 33. Qe3 fxg2 34. Bxg2 gxh3 35. Qxh3 h5 36. Qh4 Neg4 37. e5 Nxe5 38. Bg5 Rf8 39. c5 bxc5 40. bxc5 Qa7 41. Bxf6 Qxc5+ 42. Kh1 Qc3 43. Qg5+ Kf7 44. Qg7+ Ke8 45. Qe7# 1-0


[Site "https://www.chess.com"]

[Event "Titled Tuesday Blitz June 1 2021"]
[White "Chizhikov, Vladislav"]
[Black "Koganov, Mikhail"]
[WhiteFideId "4178157"]
[BlackFideId "2038676"]
[WhiteElo "2265"]
[BlackElo "2093"]
[Result "0-1"]
[Round "11"]
[TimeControl "180+1"]
[Date "2021.06.01"]
[WhiteClock "0:00:03"]
[BlackClock "0:01:17"]

1. e4 e5 2. Nf3 Nc6 3. Bc4 Bc5 4. O-O Nf6 5. d4 Bxd4 6. Nxd4 Nxd4 7. Bg5 Ne6 8. f4 exf4 9. Bxe6 fxe6 10. e5 h6 11. Bxf6 gxf6 12. Qh5+ Kf8 13. exf6 Qxf6 14. Nc3 d6 15. Kh1 Qg5 16. Qe2 e5 17. Qc4 Rg8 18. Rf2 Rg7 19. Ne4 Qg6 20. Raf1 Be6 21. Qb4 Bd5 22. Re1 a5 23. Qa4 b5 24. Qxb5 Bxe4 25. Ree2 Kg8 26. Qc4+ d5 27. Qc3 Re8 28. Qxa5 Kh7 29. a4 f3 30. Rd2 fxg2+ 31. Kg1 Ree7 32. Qc3 Qg5 33. a5 Ref7 34. Qc5 d4 35. Rfe2 Rf1# 0-1


[Site "https://www.chess.com"]

[Event "Titled Tuesday Blitz June 1 2021"]
[White "Costachi, Mihnea"]
[Black "Visakh N R"]
[WhiteFideId "1217518"]
[BlackFideId "25012223"]
[WhiteElo "2479"]
[BlackElo "2428"]
[Result "0-1"]
[Round "11"]
[TimeControl "180+1"]
[Date "2021.06.01"]
[WhiteClock "0:00:08"]
[BlackClock "0:00:19"]

1. d4 Nf6 2. c4 g6 3. Nc3 d5 4. Nf3 Bg7 5. h4 dxc4 6. e4 c5 7. d5 b5 8. h5 Nxh5 9. Nxb5 O-O 10. Bxc4 Nd7 11. O-O Nb6 12. Be2 e6 13. d6 Bb7 14. e5 Nd5 15. Bg5 f6 16. exf6 Bxf6 17. Bxf6 Qxf6 18. Nc7 Nxc7 19. dxc7 Nf4 20. Rc1 Qf5 21. Ne1 Qg5 22. Bf3 Ba6 23. Bxa8 Ne2+ 24. Qxe2 Bxe2 25. f4 Qg3 26. Rf2 Rxa8 27. Rxe2 Qxf4 28. Nd3 Qxc7 29. Rxc5 Qb6 30. b4 Rd8 31. Re3 a5 32. a3 axb4 33. axb4 Rd5 34. Kf2 Rxc5 35. bxc5 Qc6 36. Re2 Qd5 37. Ke3 e5 38. Rc2 Qd4+ 39. Ke2 Qe4+ 40. Kd2 Qxg2+ 41. Kc3 Qf3 42. Kc4 Qe4+ 43. Kc3 Qd4+ 44. Kd2 e4 45. c6 Qxd3+ 46. Kc1 Qa3+ 47. Kd1 Qd3+ 48. Kc1 Qd8 49. c7 Qc8 50. Kd2 Kf7 51. Ke3 Ke7 52. Rc4 Kd7 53. Rc3 Qxc7 54. Rxc7+ Kxc7 55. Kxe4 h5 56. Ke5 h4 57. Kf4 g5+ 58. Kxg5 h3 59. Kg4 h2 60. Kg3 h1=Q 0-1


[Site "https://www.chess.com"]

[Event "Titled Tuesday Blitz June 1 2021"]
[White "Csonka, Balazs"]
[Black "Babiy, Olga"]
[WhiteFideId "742910"]
[BlackFideId "14117258"]
[WhiteElo "2404"]
[BlackElo "2213"]
[Result "1-0"]
[Round "11"]
[TimeControl "180+1"]
[Date "2021.06.01"]
[WhiteClock "0:00:05"]
[BlackClock "0:00:09"]

1. d4 d5 2. Nf3 Nf6 3. Bf4 c5 4. e3 Nc6 5. Nbd2 Bg4 6. c3 cxd4 7. exd4 e6 8. Qa4 Bxf3 9. Nxf3 Bd6 10. Bg5 O-O 11. Bd3 a6 12. O-O b5 13. Qc2 h6 14. Bh4 Rc8 15. a3 Be7 16. Rfe1 Qb6 17. Qe2 Rb8 18. Ne5 Qc7 19. f4 Nd8 20. f5 Nh7 21. Bxe7 Qxe7 22. fxe6 Qxe6 23. Qc2 Nf6 24. Ng6 Qd6 25. Nxf8 Qxf8 26. Bf5 Nc6 27. Qf2 Qd6 28. h3 Ne7 29. Bd3 Qd8 30. Re5 a5 31. Rae1 Nc6 32. Rf5 b4 33. axb4 axb4 34. Qg3 bxc3 35. bxc3 Kf8 36. Ref1 Ne7 37. Rxf6 gxf6 38. Rxf6 Rc8 39. Qf4 Qe8 40. Qxh6+ Kg8 41. Bh7+ 1-0


[Site "https://www.chess.com"]

[Event "Titled Tuesday Blitz June 1 2021"]
[White "Cunjalo, Faris"]
[Black "Rustemov, Alexander"]
[WhiteFideId "14410710"]
[BlackFideId "4119002"]
[WhiteElo "2234"]
[BlackElo "2664"]
[Result "1/2-1/2"]
[Round "11"]
[TimeControl "180+1"]
[Date "2021.06.01"]
[WhiteClock "0:00:02"]
[BlackClock "0:00:56"]

1. d4 d5 2. c4 c6 3. Nf3 Nf6 4. Nc3 a6 5. Qc2 dxc4 6. e4 b5 7. b3 cxb3 8. axb3 e6 9. e5 Nd5 10. Nxd5 Qxd5 11. Bd3 Be7 12. h4 h6 13. Rh3 Bb7 14. Be4 Qd7 15. Rg3 g5 16. hxg5 hxg5 17. Ke2 c5 18. Bxg5 Bxe4 19. Qxe4 Nc6 20. Bxe7 Kxe7 21. dxc5 Rad8 22. Rh3 Rxh3 23. gxh3 a5 24. Qh4+ Kf8 25. Qh6+ Ke7 26. Qg5+ Kf8 27. Qh6+ Ke7 28. Qg5+ Kf8 29. Qh6+ 1/2-1/2


[Site "https://www.chess.com"]

[Event "Titled Tuesday Blitz June 1 2021"]
[White "DieHardCuban"]
[Black "Aditya Mittal"]
[BlackFideId "35042025"]
[WhiteElo "2432"]
[BlackElo "2171"]
[Result "0-1"]
[Round "11"]
[TimeControl "180+1"]
[Date "2021.06.01"]
[WhiteClock "0:00:04"]
[BlackClock "0:00:05"]

1. d4 Nf6 2. c4 e6 3. Nc3 Bb4 4. e3 O-O 5. Bd2 d5 6. Nf3 c5 7. a3 Bxc3 8. Bxc3 cxd4 9. Qxd4 Nc6 10. Qh4 Ne4 11. Qxd8 Rxd8 12. Rc1 Nxc3 13. Rxc3 d4 14. exd4 Nxd4 15. Nxd4 Rxd4 16. Rd3 Rxd3 17. Bxd3 e5 18. Be4 Be6 19. c5 Rc8 20. b4 b6 21. Bb7 Rc7 22. c6 Bd5 23. O-O Bxc6 24. Rc1 Rxb7 25. Rxc6 Kf8 26. Rc8+ Ke7 27. g3 h5 28. Kg2 Rd7 29. Ra8 Ke6 30. h4 Kf5 31. Rh8 g6 32. Rf8 e4 33. Kf1 f6 34. Ra8 Rc7 35. Kg2 Rc2 36. Kg1 Kg4 37. Rg8 Kf3 38. Rxg6 Rc1+ 39. Kh2 Kxf2 40. Rxf6+ Ke3 41. Rf7 Kd2 42. Rd7+ Ke2 43. g4 hxg4 44. h5 e3 45. Kg2 Rc6 46. Rxa7 Rh6 47. Rd7 Rxh5 48. a4 Rf5 49. Kg3 Re5 50. Rf7 Re4 51. Rf6 Rxb4 52. Kg2 Ke1 53. Re6 e2 54. Re5 Rxa4 55. Rd5 Ra2 56. Rd6 Rd2 57. Re6 Kd1 58. Rxb6 e1=Q# 0-1


[Site "https://www.chess.com"]

[Event "Titled Tuesday Blitz June 1 2021"]
[White "Elgersma, Onno"]
[Black "Pandey Srishti"]
[WhiteFideId "1053531"]
[BlackFideId "35093290"]
[WhiteElo "2507"]
[BlackElo "1816"]
[Result "0-1"]
[Round "11"]
[TimeControl "180+1"]
[Date "2021.06.01"]
[WhiteClock "0:00:08"]
[BlackClock "0:00:09"]

1. d4 Nf6 2. Nf3 e6 3. Bg5 Be7 4. Nbd2 d5 5. e3 O-O 6. Bd3 c5 7. c3 b6 8. O-O Bb7 9. Ne5 Ne4 10. Bxe7 Qxe7 11. f4 f6 12. Nef3 Nd7 13. a3 Rac8 14. Qb1 f5 15. Qe1 a5 16. a4 Bc6 17. Qe2 Rb8 18. Ne5 Nxe5 19. fxe5 Qe8 20. Bxe4 fxe4 21. Rxf8+ Qxf8 22. b3 cxd4 23. exd4 Qf4 24. Rf1 Qg5 25. Qf2 Qe7 26. Qe3 b5 27. axb5 Bxb5 28. c4 Be8 29. c5 Bb5 30. Ra1 Qc7 31. Qc3 Ra8 32. b4 a4 33. Nb1 Rf8 34. Na3 Qf7 35. Qe1 Bd3 36. h3 Qf4 37. b5 e3 38. c6 Qxd4 39. c7 e2+ 40. Kh2 Qxe5+ 41. Qg3 Qxa1 42. Qd6 Qf6 0-1


[Site "https://www.chess.com"]

[Event "Titled Tuesday Blitz June 1 2021"]
[White "Enchev, Ivajlo"]
[Black "Wagner, Dinara"]
[WhiteFideId "2907712"]
[BlackFideId "24157570"]
[WhiteElo "2452"]
[BlackElo "2260"]
[Result "1-0"]
[Round "11"]
[TimeControl "180+1"]
[Date "2021.06.01"]
[WhiteClock "0:00:11"]
[BlackClock "0:00:01"]

1. d4 Nf6 2. c4 e6 3. Nc3 Bb4 4. Qc2 O-O 5. Nf3 d5 6. cxd5 exd5 7. Bg5 h6 8. Bxf6 Qxf6 9. a3 Bxc3+ 10. Qxc3 c6 11. e3 Bf5 12. Be2 Nd7 13. O-O Rfe8 14. b4 a6 15. a4 Qd6 16. b5 axb5 17. axb5 c5 18. dxc5 Nxc5 19. Nd4 Bd7 20. Rxa8 Rxa8 21. Ra1 Rc8 22. Qb4 Qf6 23. b6 Ne4 24. Bf3 Qe5 25. Qb2 g5 26. Ra7 Bc6 27. Qa1 Nd2 28. Qd1 Nc4 29. Nxc6 Rxc6 30. Rxb7 Nxb6 31. g3 Rd6 32. Qb3 Nc4 33. Qd3 Qa1+ 34. Kg2 Ne5 35. Qf5 Kg7 36. Bh5 Rf6 37. Qc2 Nc4 38. Qe2 Ne5 39. Rb5 Qa8 40. Kg1 Qc6 41. Rb1 Qc5 42. Rd1 Qc6 43. Qd2 Rd6 44. Qd4 f6 45. f4 Nc4 46. Bf3 Qb6 47. Kg2 1-0


[Site "https://www.chess.com"]